 Dungeon Crawl Stone Soup version 0.24-a0-509-ga1643a6788 (webtiles) character file.

Game seed: 1044498129418275848

37 Inarius the Skirmisher (level 3, 0/45 HPs)
             Began as a Demonspawn Abyssal Knight on July 19, 2019.
             Was a Follower of Lugonu.
             Slain by an adder (2 damage)
             ... on level 2 of the Dungeon.
             The game lasted 00:01:54 (1556 turns).

Inarius the Skirmisher (Demonspawn Abyssal Knight)  Turns: 1556, Time: 00:01:55

Health: 0/45       AC: 21    Str: 13    XL:     3   Next: 23%
Magic:  4/4        EV:  2    Int: 18    God:    Lugonu [*.....]
Gold:   18         SH:  0    Dex: 12    Spells: 2/2 levels left

rFire    . . .     SeeInvis .   c - +0 dagger
rCold    . . .     Gourm    .   (no shield)
rNeg     + + +     Faith    .   (armour currently unavailable)
rPois    +         Spirit   .   (helmet currently unavailable)
rElec    .         Reflect  .   (cloak currently unavailable)
rCorr    .         Harm     .   (gloves currently unavailable)
MR       .....     NoTele   +   (boots currently unavailable)
Stlth    +.........             (no amulet)
HPRegen  0.15/turn              (no ring)
MPRegen  0.09/turn              (no ring)

@: brilliant, lethally poisoned (0 -> -2), tree-form
A: no striking features
a: Depart the Abyss, Renounce Religion


You were on level 2 of the Dungeon.
You worshipped Lugonu.
Lugonu was aware of your devotion.
You were not hungry.
You were a tree.
You visited 1 branch of the dungeon, and saw 2 of its levels.
You visited the Abyss 1 time.

You collected 18 gold pieces.

Inventory:

Hand Weapons
 c - a +0 dagger (weapon)
Armour
 f - a cursed +0 leather armour (melded)
Jewellery
 a - a +6 amulet of reflection {unknown}
Scrolls
 e - a scroll of teleportation {unknown}
 i - a scroll of blinking {unknown}
Comestibles
 b - a ration
 h - a chunk of flesh


   Skills:
 + Level 3.6 Fighting
 - Level 0.8 Short Blades
 + Level 2.1 Armour
 + Level 1.1 Dodging
 - Level 0.1 Stealth
 - Level 1.8 Unarmed Combat
 + Level 2.5 Invocations


You had 2 spell levels left.
You didn't know any spells.
Your spell library was empty.

Dungeon Overview and Level Annotations

Branches:
Dungeon (2/15)

Altars:


Innate Abilities, Weirdness & Mutations

((You have sharp toenails.))


Message History

The adder is severely wounded.
* * * LOW HITPOINT WARNING * * *
You feel sick. The adder bites you but does no damage.
You barely miss the adder.
The adder is severely wounded.
The adder bites you but does no damage. x2
You hit the adder but do no damage.
The adder is severely wounded.
The adder bites you but does no damage.
You hit the adder but do no damage.
The adder is severely wounded.
* * * LOW HITPOINT WARNING * * *
You feel sick. The adder bites you but does no damage.
You closely miss the adder.
The adder is severely wounded.
The adder bites you but does no damage.
You closely miss the adder.
The adder is severely wounded.
The adder bites you but does no damage. The adder bites you.
You die...

#####
#...###########
#.#KgS♣..÷....####
#...#########.##.##
##.## #.....#####
###(## ##.#.....<.
#....# ##.#.####.
#......# ##.## #.
#.###..# ### #. ..
#..# #. ..# #..# #.


You could see an adder, a hobgoblin and a kobold.

Vanquished Creatures
  An adder (D:2)
  A dart slug (D:1)
  A leopard gecko (D:1)
  3 bats (D:1)
  5 giant cockroaches
  2 goblins
  2 hobgoblins (D:1)
  A ball python (D:1)
  4 kobolds (D:1)
  3 rats
23 creatures vanquished.

Notes
Turn   | Place    | Note
-------+----------+-------------------------------------------
     0 | Abyss:1  | Inarius the Demonspawn Abyssal Knight began the quest for
                  | the Orb.
     0 | Abyss:1  | Reached XP level 1. HP: 18/18 MP: 2/2
     0 | Abyss:1  | Found a sacrificial altar of Ru.
    25 | Abyss:1  | Noticed an earth elemental
    28 | D:1      | Escaped the Abyss
    74 | D:1      | Reached * piety under Lugonu
   274 | D:1      | Gained mutation: You have sharp toenails. [demonic
                  | ancestry]
   274 | D:1      | Reached XP level 2. HP: 4/24 MP: 3/3
   951 | D:1      | Reached skill level 1 in Dodging
  1292 | D:2      | Reached XP level 3. HP: 17/29 MP: 4/4
  1551 | D:2      | HP: 2/45 [poisoned by a hobgoblin]
  1556 | D:2      | Slain by an adder

Levels and vault maps discovered:
D:1:      minmay_arrival_arboretum_large, layout_basic, roderic_lattice_a,
          amethyst_killhole, hangedman_abyss_or_decor_stabs
D:2:      layout_loops_ring, hangedman_decor_diamond_cutter, uniq_terence

Skill      XL: |  1  2 |
---------------+-------+-----
Armour         | 2 |  2.1
Dodging        | 1 |  1.1
Fighting       | |  3.6
Short Blades   | |  0.8
Stealth        | |  0.1
Unarmed Combat | |  1.8
Invocations    | |  2.5

Action                   || total
-------------------------++-------
Melee: Dagger            ||   115
       Unarmed           ||    10
       Kick              ||    13
Invok: Depart the Abyss  ||     1
  Use: Potion            ||     2
  Eat: Chunk             ||     2
Armor: Leather armour    ||    31
       Skin              ||     9
Dodge: Dodged            ||    76

Table legend:
 A = Non-vault XP
 B = Vault XP
 C = Vault XP percentage of total XP
 D = Non-vault monster count
 E = Vault monster count
 F = Vault count percentage of total count
                 A         B        C        D         E       F
            +---------+---------+-------+---------+---------+-------
      Total |      54 |       0 |   0.0 |      23 |       0 |   0.0
            +---------+---------+-------+---------+---------+-------
        D:1 |      36 |       0 |   0.0 |      19 |       0 |   0.0
        D:2 |      18 |       0 |   0.0 |       4 |       0 |   0.0
            +---------+---------+-------+---------+---------+-------
